 Dungeon Crawl Stone Soup version 0.32-a0-473-gd044c6f0f0 (webtiles) character file.

Game seed: 10252025016865379682

1230 cforsyth the Trooper (level 8, -16/57 HPs)
             Began as a Coglin Gladiator on Feb 25, 2024.
             Was a Follower of Hepliaklqana.
             Demolished by an ogre
             ... wielding a +0 giant club
              (30 damage)
             ... on level 5 of the Dungeon.
             The game lasted 00:05:54 (3930 turns).

cforsyth the Trooper (Coglin Gladiator)             Turns: 3930, Time: 00:05:55

Health: -16/57     AC:  7    Str: 19    XL:     8   Next: 48%
Magic:  8/8        EV: 12    Int: 12    God:    Hepliaklqana [*.....]
Gold:   245        SH:  0    Dex: 15    Spells: 7/7 levels left

rFire   . . .        a - +0 war axe {Bastian}
rCold   + . .        l - +8 war axe "Qeh Ixt" {heavy, *Noise rC+ Str+2 Int+4}
rNeg    . . .        b - +0 leather armour
rPois   .            c - +0 helmet
rElec   .            p - +0 cloak
rCorr   .            s - +0 pair of gloves
SInv    .            (no boots)
Will    .....        (no amulet)
Stlth   +            (ring unavailable)
HPRegen 0.29/turn    (ring unavailable)
MPRegen 0.11/turn

%: no passive effects
@: revving
A: reduced essence, off-hand wielding, slow wielding, warmup strikes, no rings
a: Renounce Religion, Recall Ancestor, Ancestor Identity


You were on level 5 of the Dungeon.
You worshipped Hepliaklqana.
Hepliaklqana was aware of your devotion.
You visited 2 branches of the dungeon, and saw 6 of its levels.

You collected 245 gold pieces.


Innate Abilities, Weirdness & Mutations

Your life essence is reduced to manifest your ancestor. (-10% HP)
You can wield a second weapon in your off-hand.
It takes a long time for you to wield or remove held weapons.
Your first few attacks do less damage.
Your grasper-arms cannot wear rings.


   Skills:
 + Level 6.2 Fighting
 + Level 6.1 Axes
 - Level 1.7 Throwing
 + Level 5.1 Armour
 - Level 2.6 Dodging


You had 7 spell levels left.
You didn't know any spells.
Your spell library contained the following spells:

 Spells                   Type           Power      Damage    Failure   Level
 Cigotuvi's Dreadful Rot  Necr/Alch/Air  0%         N/A       50%         2
 Mercury Vapours          Alch/Air       0%         N/A       50%         2
 Inner Flame              Hex/Fire       0%         N/A       75%         3
 Mephitic Cloud           Conj/Alch/Air  0%         N/A       75%         3
 Dispel Undead            Necr           0%         3d6       98%         4
 Martyr's Knell           Necr/Summ      0%         N/A       98%         4
 Freezing Cloud           Conj/Ice/Air   0%         6-21      100%        5
 Irradiate                Conj/Alch      0%         3d11      100%        5
 Death Channel            Necr           0%         N/A       100%        6
 Ignition                 Fire           0%         3d3       100%        8

Inventory:

Hand Weapons
 a - a +0 war axe (weapon) {Bastian}
 l - the +8 war axe "Qeh Ixt" (offhand) {heavy, *Noise rC+ Str+2 Int+4}
   (You found it on level 2 of the Dungeon)

   Str+2:     It affects your strength (+2).
   Int+4:     It affects your intelligence (+4).
   rC+:       It protects you from cold.
   *Noise:    It may make a loud noise when swung.
Missiles
 d - 3 throwing nets (quivered) {=f}
 e - a javelin
Armour
 b - a +0 leather armour (worn)
 c - a +0 helmet (worn)
 p - a +0 cloak (worn)
 s - a +0 pair of gloves (worn)
Wands
 q - a wand of paralysis (9)
 x - a wand of quicksilver (14)
Scrolls
 f - 2 scrolls of fear {unknown}
 g - 5 scrolls of identify {unknown}
 i - 2 scrolls of amnesia {unknown}
 j - 2 scrolls of enchant armour {unknown}
 k - a scroll of noise {unknown}
 n - a scroll of enchant weapon {unknown}
 o - 2 scrolls of teleportation {unknown}
 r - 2 scrolls of blinking {unknown}
 t - a scroll of poison {unknown}
 w - a scroll of vulnerability {unknown}
Potions
 h - a potion of haste {unknown}
 m - a potion of lignification
 u - a potion of brilliance {unknown}
 v - 2 potions of curing {unknown}

Dungeon Overview and Level Annotations

Branches:
Dungeon (5/15)             Temple (1/1) D:4

Altars:
Ashenzari
Cheibriados
Dithmenos
Elyvilon
Fedhas
Gozag
Hepliaklqana
Makhleb
Nemelex Xobeh
Okawaru
Qazlal
Ru
Sif Muna
Trog
Uskayaw
Wu Jian
Xom
Zin
The Shining One

# #.# # ###..# #
....#o# # #.#.#o#
# ##.#.#.# #
####....#.#
.....#.O#o#
####..O@).######
.........R......
# .#.#....†..####
. #....#?...### #
###..$......#
........$..#
#.###..[....# ...
###...#.# #.
#...#.###########


You could see the friendly Qamorys the ancestor, 2 ogres and an orc wizard.


Message History

An adder comes into view.
An adder is nearby!
An adder is nearby!
An adder is nearby!
An orc wizard comes into view. It is wielding a +0 dagger.
The orc wizard shouts!
The orc wizard casts a spell at you. The puff of flame hits you!
An ogre comes into view. It is wielding a +0 giant club.
The ogre shouts!
You slice the adder with the +8 war axe "Qeh Ixt"!!
You kill the adder!
An ogre comes into view. It is wielding a +0 giant club.
An orc wizard comes into view.
It is wielding a +0 dagger and wearing a +2 robe of willpower.
The ogre shouts!
An orc comes into view. It is wielding a +0 whip.
You see here an adder corpse.
The ogre hits you with a +0 giant club!
Qamorys barely misses the orc wizard.
You closely miss the ogre with the +8 war axe "Qeh Ixt".
You slash the orc wizard with the +8 war axe "Qeh Ixt"!
You hit the ogre with your +0 war axe.
You closely miss the orc wizard with your +0 war axe.
The orc wizard completely misses you.
Qamorys hits the orc wizard!
The orc wizard dies!
The ogre hits you with a +0 giant club!!
* * * LOW HITPOINT WARNING * * *
The ogre hits you with a +0 giant club!!
Ouch! That really hurt!
You die...
Hepliaklqana delivers you to your ancestors.

Skill      XL: |  1  2  3  4  5  6  7  8 |
---------------+-------------------------+-----
Armour         | 1 2 3 4 5 |  5.1
Fighting       | 3 4 5 6 |  6.2
Axes           | 4 5 6 |  6.1
Throwing       | |  1.7
Dodging        | |  2.6

Action                     |  1- 3 |  4- 6 |  7- 9 || total
---------------------------+-------+-------+-------++-------
  Melee: War axe           |    76 |    73 |    76 ||   225
    Use: Potion            |       |       |     1 ||     1
   Stab: Sleeping          |     1 |       |       ||     1
 Armour: Leather armour    |    34 |    33 |    33 ||   100
         Skin              |       |       |    10 ||    10
  Dodge: Dodged            |    54 |    45 |    21 ||   120

Levels and vault maps discovered:
D:1:      minmay_arrival_jagged, layout_basic
D:2:      layout_basic, shapermc_ecumenical_altar_petra, interstate_on_off,
          uniq_crazy_yiuf_cottage
D:3:      layout_loops_ring, nicolae_elevator_lobby_asterisk, uniq_ijyb,
          uniq_jessica
D:4:      layout_rooms, lemuel_coloured_pillars_altar,
          minmay_temple_entry_junction
D:5:      layout_loops_ring, uniq_prince_ribbit1, uniq_grinder
Temple:   mainiacjoe_temple_bowtie_tessellation

Notes
Turn   | Place    | Note
-------+----------+-------------------------------------------
     0 | D:1      | cforsyth the Coglin Gladiator began the quest for the Orb.
     0 | D:1      | Reached XP level 1. HP: 16/16 MP: 1/1
   163 | D:1      | Reached XP level 2. HP: 23/23 MP: 2/2
   245 | D:1      | Reached skill level 1 in Armour
   969 | D:2      | Reached XP level 3. HP: 24/28 MP: 3/3
  1040 | D:2      | Reached skill level 3 in Fighting
  1046 | D:2      | Identified the +8 war axe "Qeh Ixt" {heavy, *Noise rC+
                  | Str+2 Int+4}
  1177 | D:2      | Found a faded altar of an unknown god.
  1586 | D:2      | Found a runed translucent door.
  1587 | D:2      | Noticed Crazy Yiuf
  1717 | D:2      | Reached skill level 2 in Armour
  1812 | D:2      | Killed Crazy Yiuf
  1813 | D:2      | Reached XP level 4. HP: 35/35 MP: 4/4
  2174 | D:3      | Reached XP level 5. HP: 38/41 MP: 5/5
  2236 | D:3      | Noticed Ijyb
  2251 | D:3      | Killed Ijyb
  2297 | D:3      | Noticed Jessica
  2307 | D:3      | Killed Jessica
  2630 | D:4      | Reached skill level 4 in Fighting
  2631 | D:4      | Reached skill level 4 in Axes
  2631 | D:4      | Reached skill level 3 in Armour
  2631 | D:4      | Reached XP level 6. HP: 44/48 MP: 6/6
  2782 | D:4      | Reached XP level 7. HP: 35/55 MP: 7/7
  2888 | D:4      | Found a white marble altar of Elyvilon.
  3000 | D:4      | Found a staircase to the Ecumenical Temple.
  3055 | Temple   | Entered the Ecumenical Temple
  3066 | Temple   | Became a worshipper of Hepliaklqana the Forgotten
  3189 | D:5      | Entered Level 5 of the Dungeon
  3237 | D:5      | Noticed Prince Ribbit
  3247 | D:5      | Reached skill level 5 in Fighting
  3254 | D:5      | Killed Prince Ribbit
  3255 | D:5      | Reached skill level 5 in Axes
  3255 | D:5      | Reached skill level 4 in Armour
  3397 | D:5      | HP: 7/84 [orc wizard/puff of flame (7)]
  3399 | D:5      | Reached XP level 8. HP: 9/63 MP: 8/8
  3607 | D:5      | Noticed Grinder
  3831 | D:5      | Reached * piety under Hepliaklqana
  3835 | D:5      | Killed Grinder
  3836 | D:5      | Reached skill level 6 in Fighting
  3836 | D:5      | Reached skill level 6 in Axes
  3836 | D:5      | Reached skill level 5 in Armour
  3930 | D:5      | Demolished by an ogre

Vanquished Creatures
  Prince Ribbit (D:5)
  2 phantoms
  A scorpion (D:5)
  A gnoll sergeant (D:5)
  A howler monkey (D:4)
  3 bombardier beetles
  A hound (D:5)
  An orc priest (D:4)
  Crazy Yiuf (D:2)
  Jessica (D:3)
  Ijyb (D:3)
  An iguana (D:4)
  2 orc wizards
  8 gnolls
  4 adders
  2 white imps
  3 ribbon worms
  2 dart slugs
  10 orcs
  7 ball pythons
  5 endoplasms
  5 giant cockroaches
  3 goblins
  6 hobgoblins
  11 kobolds
  6 quokkas
  3 bats (D:1)
  2 frilled lizards
  2 rats (D:1)
96 creatures vanquished.

Vanquished Creatures (collateral kills)
  Grinder (D:5)
  An orc wizard (D:5)
2 creatures vanquished.

Grand Total: 98 creatures vanquished

Table legend: (Time is in decaauts)
 A = Elapsed time spent in this place.
 B = Non-inter-level travel time spent in this place.
 C = Inter-level travel time spent in this place.
 D = Time resting spent in this place.
 E = Time spent auto-exploring this place.
 F = Levels seen in this place.
 G = Mean time per level.
                   A        B        C        D        E       F      G
               +--------+--------+--------+--------+--------+-----+--------+
         Total |   4021 |   3871 |    150 |     66 |   3072 |   6 |  670.2 |
       Dungeon |   4000 |   3860 |    140 |     66 |   3072 |   5 |  800.0 |
        Temple |     20 |     11 |      9 |      0 |      0 |   1 |   20.0 |
               +--------+--------+--------+--------+--------+-----+--------+

Top non-repeatable levels by time:
     D:2: 1071 daAuts
     D:3: 860 daAuts
     D:1: 822 daAuts
     D:5: 703 daAuts
     D:4: 542 daAuts
  Temple: 20 daAuts

Table legend:
 A = Non-vault XP
 B = Vault XP
 C = Vault XP percentage of total XP
 D = Non-vault monster count
 E = Vault monster count
 F = Vault count percentage of total count
                 A         B        C        D         E       F
            +---------+---------+-------+---------+---------+-------
      Total |    1120 |     673 |  37.5 |      93 |       5 |   5.1
            +---------+---------+-------+---------+---------+-------
        D:1 |      28 |       0 |   0.0 |      17 |       0 |   0.0
        D:2 |      51 |      40 |  44.0 |      15 |       1 |   6.2
        D:3 |     201 |      73 |  26.6 |      14 |       2 |  12.5
        D:4 |     327 |       0 |   0.0 |      29 |       0 |   0.0
        D:5 |     513 |     560 |  52.2 |      18 |       2 |  10.0
            +---------+---------+-------+---------+---------+-------
